 Dungeon Crawl Stone Soup version 0.29-a0-902-g0f71de6fce (webtiles) character file.

Game seed: 6746410812267950935

23 yanko the Ruffian (level 2, 29/29 HPs)
             Began as a Troll Monk on Sept 15, 2021.
             Quit the game on level 1 of the Dungeon on Nov 6, 2022.
             The game lasted 00:04:39 (742 turns).

yanko the Ruffian (Troll Monk)                       Turns: 742, Time: 00:04:39

Health: 29/29      AC:  4    Str: 18    XL:     2   Next: 72%
Magic:  1/1        EV: 10    Int:  6    God:
Gold:   31         SH:  0    Dex: 12    Spells: 1/1 levels left

rFire   . . .      SeeInvis .     - Unarmed
rCold   . . .      Faith    .   (no shield)
rNeg    . . .      Spirit   .   a - +0 robe
rPois   .          Reflect  .   (helmet restricted)
rElec   .          Harm     .   (no cloak)
rCorr   .          Rampage  .   (gloves unavailable)
Will    .....                   (boots unavailable)
Stlth   ++........              (no amulet)
HPRegen 0.89/turn               (no ring)
MPRegen 0.07/turn               (no ring)

@: no status effects
A: large, unfitting armour, claws 3, regeneration 1, shaggy fur 1, tough skin 1
a: no special abilities


You were on level 1 of the Dungeon.
You visited 1 branch of the dungeon, and saw 1 of its levels.

You collected 31 gold pieces.

Inventory:

Hand Weapons
 c - a +2 short sword of draining
Armour
 a - a +0 robe (worn)
Potions
 b - a potion of flight {unknown}


   Skills:
 * Level 2.8 Fighting
 + Level 2.6 Dodging
 - Level 1.0 Stealth
 * Level 3.4 Unarmed Combat


You had one spell level left.
You didn't know any spells.
Your spell library contained the following spells:

 Spells                   Type           Power      Damage    Failure   Level
 Magic Dart               Conj           0%         1d3       45%         1
 Call Imp                 Summ           0%         N/A       58%         2
 Mephitic Cloud           Conj/Pois/Air  0%         N/A       83%         3


Dungeon Overview and Level Annotations

Branches:
Dungeon (1/15)

Altars:

Shops:
D:1 (


Innate Abilities, Weirdness & Mutations

You are too large for most types of armour.
You have claws for hands.
Your natural rate of healing is unusually fast.
You are covered in fur. (AC +1)
You have tough skin. (AC +1)


Message History

c - a +2 short sword of draining
There is an open door here.
There is an open door here.
You see here a +0 spear.
You see here a +0 spear.
There is an open door here.
There is an open door here.
Found Urilomach's Antique Weapon Shop.
There is an entrance to Urilomach's Antique Weapon Shop here.
Found a stone staircase leading down.
You now have 31 gold pieces (gained 6).
Found 28 arrows.
Unknown command.
You see here 28 arrows.
You see here 28 arrows.
You pick up a book of Minor Magic and begin reading...
You add the spells Magic Dart, Call Imp and Mephitic Cloud to your library.
Things that are here:
a jackal skeleton; a jackal skeleton A goblin is nearby!
The goblin shouts!
The goblin hits you but does no damage.
You barely miss the goblin. The goblin hits you but does no damage.
You closely miss the goblin. The goblin hits you but does no damage.
You barely miss the goblin. The goblin closely misses you.
You claw the goblin!
You kill the goblin!
You see here a +0 dagger.
Done exploring.
Done exploring.
Done exploring.
Saving game... please wait.
Welcome back, yanko the Troll Monk.
Press ? for a list of commands and other information.
Welcome back, yanko the Troll Monk.
Press ? for a list of commands and other information.
Unknown command.
Unknown command.
Unknown command.
Are you sure you want to abandon this character and quit the game? (Confirm with "yes".)

......##.....#.##.....#
#####.########.##.##.##
#.# #........##.# #.#
#.###.......#
####.####.#####).####
#................#
#.##.##.#.#####.##
#.##.##.#.#####.#
#.##..).#......@#
#.#####.#########
#.#####.# #.......#
#########


There were no monsters in sight!

Vanquished Creatures
  A dart slug (D:1)
  2 endoplasms (D:1)
  A goblin (D:1)
  3 hobgoblins (D:1)
  2 jackals (D:1)
  2 kobolds (D:1)
  4 ball pythons (D:1)
  A frilled lizard (D:1)
  2 rats (D:1)
18 creatures vanquished.

Notes
Turn   | Place    | Note
-------+----------+-------------------------------------------
     0 | D:1      | yanko the Troll Monk began the quest for the Orb.
     0 | D:1      | Reached XP level 1. HP: 22/22 MP: 0/0
    56 | D:1      | Found a faded altar of an unknown god.
   193 | D:1      | Reached XP level 2. HP: 29/29 MP: 1/1
   536 | D:1      | Found Urilomach's Antique Weapon Shop.
   742 | D:1      | Upgraded the game from 0.28-a0-465-ge2dae52223 to
                  | 0.29-a0-902-g0f71de6fce
   742 | D:1      | Quit the game

Illustrated notes

Levels and vault maps discovered:
D:1:      dpeg_arrival_concentric_ovals, layout_loops_cross, serial_shops,
          nicolae_shop_crystal, shapermc_ecumenical_altar_mp_ritualfount

Action                   || total
-------------------------++-------
Melee: Unarmed           ||    47
Armor: Robe              ||    18
Dodge: Dodged            ||    16

Table legend: (Time is in decaauts)
 A = Elapsed time spent in this place.
 B = Non-inter-level travel time spent in this place.
 C = Inter-level travel time spent in this place.
 D = Time resting spent in this place.
 E = Time spent auto-exploring this place.
 F = Levels seen in this place.
 G = Mean time per level.
                   A        B        C        D        E       F      G
               +--------+--------+--------+--------+--------+-----+--------+
         Total |    739 |    739 |      0 |      0 |    530 |   1 |  739.0 |
       Dungeon |    739 |    739 |      0 |      0 |    530 |   1 |  739.0 |
               +--------+--------+--------+--------+--------+-----+--------+

Top non-repeatable levels by time:
     D:1: 739 daAuts
